 Dungeon Crawl Stone Soup version 0.19-a0-1803-g97ff39f (webtiles) character file.

218 Proteus the Covert (level 5, -2/25 HPs)
             Began as a Spriggan Assassin on Oct 5, 2016.
             Killed by divine providence
             ... invoked by an orc priest
              (14 damage)
             ... on level 3 of the Dungeon.
             The game lasted 00:06:00 (1917 turns).

Proteus the Covert (Spriggan Assassin)              Turns: 1917, Time: 00:06:00

Health: -2/25      AC:  3    Str:  7    XL:     5   Next: 63%
Magic:  6/6        EV: 17    Int: 12    God:
Gold:   69         SH:  0    Dex: 19    Spells: 0 memorised, 4 levels left

rFire  . . .     SeeInvis +     b - +0 blowgun
rCold  . . .     Gourm    .     c - +0 robe
rNeg   . . .     Faith    .     (shield restricted)
rPois  .         Spirit   .     (helmet restricted)
rElec  .         Dismiss  .     d - +0 cloak
rCorr  .         Reflect  .     (gloves unavailable)
MR     .....     Harm     .     (boots unavailable)
Stlth  +++++.....               (no amulet)
                                (no ring)
                                (no ring)

@: lethally poisoned (-2 -> -4), very quick
A: unfitting armour, see invisible, herbivore 3, speed 3, slow metabolism 2
a: no special abilities


You were on level 3 of the Dungeon.
You were not hungry.

You visited 1 branch of the dungeon, and saw 3 of its levels.

You collected 69 gold pieces.

Inventory:

Hand Weapons
 a - a +2 dagger
 b - a +0 blowgun (weapon)
Missiles
 e - 21 poisoned needles
 f - a curare-tipped needle (quivered)
Armour
 c - a +0 robe (worn)
 d - a +0 cloak (worn)
Jewellery
 l - an uncursed ring of ice
Wands
 r - a wand of random effects (40/48)
Scrolls
 h - 2 scrolls of remove curse
 j - a scroll of magic mapping
Potions
 i - a potion of heal wounds {unknown}
 k - a potion of lignification {unknown}
 n - a potion of curing {unknown}
 o - a potion of resistance {unknown}
 q - 2 potions of invisibility
Comestibles
 g - 5 bread rations


   Skills:
 - Level 1.5 Fighting
 - Level 2.1 Short Blades
 - Level 2.0 Throwing
 - Level 1.5 Dodging
 + Level 10.5 Stealth


You had 4 spell levels left.
You didn't know any spells.

Dungeon Overview and Level Annotations

Branches:
Dungeon (3/15)

Altars:


Innate Abilities, Weirdness & Mutations

You are very small and have problems with some larger weapons.
You are too small for most types of armour.
You have supernaturally acute eyesight. (SInv)
You are a herbivore.
You cover ground extremely quickly.
You need consume almost no food.


Message History

The orc is heavily wounded.
You hit the orc but do no damage.
The orc is heavily wounded.
You feel sick. The orc hits you but does no damage.
The orc wizard looks satisfied for a moment.
The orc wizard miscasts a cantrip.
Wield which item (- for none, * to show all)? (? for menu, Esc to quit)
b - a +0 blowgun (weapon)
Firing (i - inventory. (,) - cycle):
f - 2 curare-tipped needles (quivered)
Press: ? - help, Shift-Dir - straight line, f - orc
Aim: an orc, wielding a short sword and wearing a chain mail (heavily wounded)
You shoot a curare-tipped needle. The curare-tipped needle hits the orc.
The orc is poisoned.
The orc convulses.
You kill the orc!
The orc throws a tomahawk.
The tomahawk misses you.
The orc wizard looks encouraged for a moment.
The orc priest mumbles some strange prayers to Beogh against you.
Beogh smites you!
Ouch! That really hurt!
You die...

*,* #####.########.### *,* #.####
#.# # *,*** #....# #.# # *,,,*
#..#.# ##'### ****,***** ##...#
##...## **,,,,,,,,*
####.####.....# * **,,**,**#,*
##.##.###.......
****,,,*#.###o####...(...........
+,,,,,,,.....oo(@....(...........
****,,,,..###.####...#.##........
* **,,,*** #,* #..##.##........
**,,* *,* #.....##.#.....#
*,,*****,* #..#####.##...##
*,,,,,,,,* #..#####.###+##
**,******* #........###.### *,*
##.####........# *,* #.#
#.#......#


You could see an orc priest, an orc wizard and an orc.

Vanquished Creatures
  An ogre (D:1)
  7 adders
  A dart slug (D:1)
  A leopard gecko (D:1)
  2 orcs (D:3)
  3 giant cockroaches
  12 goblins
  7 hobgoblins
  6 jackals (D:1)
  7 kobolds
  A quokka (D:2)
  A ball python (D:3)
  9 bats
  2 frilled lizards
  9 rats
69 creatures vanquished.

Notes
Turn   | Place    | Note
-------+----------+-------------------------------------------
     0 | D:1      | Proteus the Spriggan Assassin began the quest for the Orb.
     0 | D:1      | Reached XP level 1. HP: 10/10 MP: 2/2
    25 | D:1      | Reached skill level 6 in Stealth
   101 | D:1      | Reached XP level 2. HP: 13/14 MP: 3/3
   357 | D:1      | Reached skill level 7 in Stealth
   581 | D:1      | Reached XP level 3. HP: 18/18 MP: 4/4
   836 | D:1      | Noticed an ogre
   847 | D:1      | Killed an ogre
   847 | D:1      | Reached skill level 9 in Stealth
   847 | D:1      | Reached XP level 4. HP: 22/22 MP: 5/5
  1078 | D:2      | Reached XP level 5. HP: 25/25 MP: 6/6
  1339 | D:2      | Reached skill level 10 in Stealth
  1917 | D:3      | Killed from afar by an orc priest

Vault maps used:
D:1:      minmay_arrival_three_doors, kennysheep_doodads, minmay_fountain_box,
          minmay_pentomino_q2
D:2:      first_bread, grunt_ministairs_2, minmay_distorted
D:3:      nicolae_tso_swordbearing_angel

Skill      XL: |  1  2  3  4  5 |
---------------+----------------+-----
Stealth        | 6 7 9 10 | 10.5
Fighting       | |  1.5
Short Blades   | |  2.1
Throwing       | |  2.0
Dodging        | |  1.5

Action                   |  1- 3 |  4- 6 || total
-------------------------+-------+-------++-------
Melee: Dagger            |   109 |    81 ||   190
 Fire: Blowgun           |     2 |     1 ||     3
  Use: Scroll            |       |     5 ||     5
 Stab: Sleeping          |     6 |    22 ||    28
       Distracted        |     1 |       ||     1
Armor: Robe              |    22 |     7 ||    29
Dodge: Dodged            |   107 |    39 ||   146
